 Dungeon Crawl Stone Soup version 0.29-a0-555-g3b24f45cc1 (webtiles) character file.

Game seed: 13902044268598333943

63 Hound7 the Cutter (level 3, 0/33 HPs)
             Began as a Minotaur Monk on June 8, 2022.
             Was the Champion of Ignis.
             Slain by a gnoll
             ... wielding a +0 whip
              (1 damage)
             ... on level 4 of the Dungeon.
             The game lasted 00:05:54 (2646 turns).

Hound7 the Cutter (Minotaur Monk)                   Turns: 2646, Time: 00:05:55

Health: 0/33       AC:  8    Str: 17    XL:     3   Next: 89%
Magic:  2/2        EV:  8    Int:  7    God:    Ignis [******]
Gold:   153        SH:  0    Dex: 12    Spells: 2/2 levels left

rFire   + . .      SeeInvis .   a - +0 short sword
rCold   . . .      Faith    .   (no shield)
rNeg    . . .      Spirit   .   b - +0 chain mail
rPois   .          Reflect  .   (helmet restricted)
rElec   .          Harm     .   (no cloak)
rCorr   .          Rampage  .   (no gloves)
Will    .....                   (no boots)
Stlth   ..........              (no amulet)
HPRegen 0.11/turn               (no ring)
MPRegen 0.08/turn               (no ring)

@: no status effects
A: horns 2, retaliatory headbutt
a: Renounce Religion, Fiery Armour, Foxfire Swarm, Rising Flame


You were on level 4 of the Dungeon.
You worshipped Ignis.
Ignis was exalted by your worship.
You visited 1 branch of the dungeon, and saw 4 of its levels.

You collected 153 gold pieces.

Inventory:

Hand Weapons
 a - a +0 short sword (weapon)
Armour
 b - a +0 chain mail (worn)
Scrolls
 f - a scroll of fear {unknown}
 g - 3 scrolls of identify {unknown}
 i - a scroll of immolation {unknown}
 j - 4 scrolls of poison {unknown}
 k - a scroll of silence {unknown}
 n - a scroll of vulnerability {unknown}
 o - a scroll of magic mapping {unknown}
Potions
 c - 2 potions of ambrosia
 d - 2 potions of attraction {unknown}
 e - a potion of lignification {unknown}
 h - 3 potions of haste {unknown}
 l - a potion of curing {unknown}
 m - a potion of magic {unknown}


   Skills:
 * Level 4.1 Fighting
 * Level 4.1 Short Blades
 * Level 1.0 Armour
 * Level 3.7 Dodging
 * Level 2.0 Stealth
 * Level 0.3 Spellcasting


You had 2 spell levels left.
You didn't know any spells.
Your spell library was empty.

Dungeon Overview and Level Annotations

Branches:
Dungeon (4/15)
 Temple: D:4-7

Altars:
Ignis


Innate Abilities, Weirdness & Mutations

You have a pair of horns on your head.
You reflexively headbutt those who attack you in melee.


Message History

Found 21 gold pieces.
Found a stone staircase leading down.
There is a stone staircase leading up here. 2 orcs come into view.
The orc shouts! x2
An orc comes into view. It is wielding a +0 dagger.
The orc moves out of view.
An orc comes into view. It is wielding a +0 whip.
The orc moves out of view.
There is a stone staircase leading up here.
A hobgoblin comes into view.
The orc attacks as you move away! The orc hits you but does no damage.
A gnoll comes into view. It is wielding a +0 whip.
The gnoll shouts!
A gnoll comes into view. It is wielding a +1 whip of pain.
The orc attacks as you move away! The orc barely misses you.
The gnoll shouts!
You hear a shout! x2; You hear an angry growl.
A gnoll comes into view. It is wielding a +0 whip.
The orc hits you with a +0 dagger.
* * * LOW HITPOINT WARNING * * *
A black bear comes into view.
The orc attacks as you move away! The orc barely misses you.
Found a scroll labelled KOBA WUQAMN.
A hobgoblin comes into view.
You see here 14 gold pieces.
The hobgoblin shouts!
The orc hits you with a +0 whip.
* * * LOW HITPOINT WARNING * * *
An endoplasm comes into view.
Found a stone staircase leading up.
The gnoll attacks as you move away! The gnoll barely misses you.
The endoplasm barely misses you.
You hit the endoplasm.
The endoplasm is moderately wounded.
You hit the endoplasm. Your punch misses the endoplasm.
The endoplasm is heavily wounded.
The endoplasm freezes you.
You are frozen.
* * * LOW HITPOINT WARNING * * *
The gnoll hits you with a +0 whip.
You die...

...o......# #.
#.......### # <##
#.###.........##.#
......#......<..........
......#..##.#.#o#.####.#
...........#.#.#o#
.........#.#.#.#
#..##.##.####.#.#.###...
......J@ggogoooh........
......#######o#.#.###...
..... ?...g...g . #.##
###.#...### # .....#.#
#.#.#.#.# ..........
##.........


You could see 2 gnolls, 5 orcs, an endoplasm and a hobgoblin.

Vanquished Creatures
  2 adders (D:2)
  An orc (D:3)
  2 endoplasms
  3 giant cockroaches
  3 goblins
  5 hobgoblins
  A quokka (D:2)
  6 ball pythons
  A bat (D:2)
  6 frilled lizards
  10 kobolds
  2 rats
42 creatures vanquished.

Notes
Turn   | Place    | Note
-------+----------+-------------------------------------------
     0 | D:1      | Hound7 the Minotaur Monk began the quest for the Orb.
     0 | D:1      | Reached XP level 1. HP: 19/19 MP: 0/0
   239 | D:1      | Reached XP level 2. HP: 27/27 MP: 1/1
   298 | D:1      | Found a faded altar of an unknown god.
   327 | D:1      | Prayed at the altar of an unknown god.
   327 | D:1      | Became a worshipper of Ignis, the Dying Flame
   327 | D:1      | Reached ****** piety under Ignis
  1224 | D:2      | Reached XP level 3. HP: 27/33 MP: 2/2
  2551 | D:3      | Reached skill level 1 in Armour
  2635 | D:4      | Noticed a black bear
  2646 | D:4      | HP: 1/33 [frozen (1)]
  2646 | D:4      | Slain by a gnoll

Illustrated notes

Levels and vault maps discovered:
D:1:      dpeg_arrival_central, layout_basic,
          hellmonk_ecumenical_altar_slurped_away, minmay_hexomino_p4
D:2:      layout_basic
D:3:      layout_loops_ring, uniq_crazy_yiuf_cottage
D:4:      layout_basic

Skill      XL: |  1  2  3 |
---------------+----------+-----
Short Blades   | 4 |  4.1
Fighting       | 4 |  4.1
Stealth        | 2 |  2.0
Armour         | 1 |  1.0
Dodging        | |  3.7
Spellcasting   | |  0.3

Action                   || total
-------------------------++-------
Melee: Short sword       ||    94
       Headbutt          ||    21
       Punch             ||     1
 Stab: Sleeping          ||     3
Armor: Robe              ||     4
       Chain mail        ||    33
Dodge: Dodged            ||    39

Table legend: (Time is in decaauts)
 A = Elapsed time spent in this place.
 B = Non-inter-level travel time spent in this place.
 C = Inter-level travel time spent in this place.
 D = Time resting spent in this place.
 E = Time spent auto-exploring this place.
 F = Levels seen in this place.
 G = Mean time per level.
                   A        B        C        D        E       F      G
               +--------+--------+--------+--------+--------+-----+--------+
         Total |   2636 |   2560 |     76 |      0 |   2248 |   4 |  659.0 |
       Dungeon |   2636 |   2560 |     76 |      0 |   2248 |   4 |  659.0 |
               +--------+--------+--------+--------+--------+-----+--------+

Top non-repeatable levels by time:
     D:1: 1112 daAuts
     D:2: 1052 daAuts
     D:3: 449 daAuts
     D:4: 21 daAuts
